 Dungeon Crawl Stone Soup version 0.31-a0-431-g88bdf31460 (webtiles) character file.

Game seed: 621055425007395779

321 Arzdou the Ruffian (level 6, 26/43 HPs)
             Began as a Demonspawn Shapeshifter on July 31, 2023.
             Quit the game on level 4 of the Dungeon.
             The game lasted 00:05:02 (3008 turns).

Arzdou the Ruffian (Demonspawn Shapeshifter)        Turns: 3008, Time: 00:05:03

Health: 26/43      AC:  5    Str: 18    XL:     6   Next: 22%
Magic:  6/6        EV: 12    Int:  9    God:
Gold:   192        SH:  0    Dex: 13    Spells: 5/5 levels left

rFire   . .          .
                       - Unarmed
rCold   . . .        (no shield)
rNeg    . . .        a - +0 animal skin
rPois   .            (helmet currently unavailable)
rElec   .            (cloak currently unavailable)
rCorr   .            (gloves currently unavailable)
SInv    .            (boots currently unavailable)
Will    .....        (no amulet)
Stlth   +            (no ring)
HPRegen 0.27/turn    (no ring)
MPRegen 0.10/turn

%: no passive effects
@: beast-form
A: beast (slay +2), antennae 1, thin metallic scales 2, demonic magic 1
a: Begin Untransformation


You were on level 4 of the Dungeon.
You were a hulking beast.
You visited 1 branch of the dungeon, and saw 4 of its levels.

You collected 192 gold pieces.

Inventory:

Hand Weapons
 o - a +0 spear
Missiles
 j - 5 javelins (quivered)
 r - 2 throwing nets
Armour
 a - a +0 animal skin (worn)
 k - a +0 helmet
 l - a +2 helmet
Talismans
 c - a beast talisman (active)
 m - a blade talisman
Wands
 s - a wand of quicksilver (11)
Scrolls
 f - 2 scrolls of identify {unknown}
 g - 3 scrolls of fog {unknown}
 h - 2 scrolls of enchant armour {unknown}
 i - 3 scrolls of enchant weapon {unknown}
 p - 2 scrolls of teleportation {unknown}
 u - a scroll of blinking {unknown}
Potions
 b - a potion of might {unknown}
 d - a potion of attraction {unknown}
 e - 2 potions of curing {unknown}
 n - a potion of enlightenment {unknown}
 q - a potion of cancellation {unknown}
 t - a potion of resistance {unknown}
 v - a potion of haste {unknown}
 w - a potion of brilliance {unknown}


   Skills:
 - Level 1.0 Fighting
 - Level 1.7 Dodging
 + Level 5.3 Unarmed Combat
 - Level 4.0 Shapeshifting


You had 5 spell levels left.
You didn't know any spells.
Your spell library contained the following spells:

 Spells                   Type           Power      Damage    Failure   Level
 Slow                     Hex            0%         N/A       38%         1
 Blink                    Tloc           0%         N/A       52%         2
 Cigotuvi's Dreadful Rot  Necr/Pois/Air  0%         N/A       52%         2
 Lesser Beckoning         Tloc           0%         N/A       52%         2
 Momentum Strike          Conj/Tloc      0%         3d8       52%         2
 Confusing Touch          Hex            0%         N/A       77%         3
 Dazzling Flash           Conj/Hex       0%         N/A       77%         3
 Ignite Poison            Fire/Tmut/Pois 0%         N/A       77%         3
 Vampiric Draining        Necr           0%         2d6       77%         3
 Agony                    Necr           0%         N/A       100%        5
 Freezing Cloud           Conj/Ice/Air   0%         6-21      100%        5
 Silence                  Hex/Air        0%         N/A       100%        5


Dungeon Overview and Level Annotations

Branches:
Dungeon (4/15)
 Temple: D:4-7

Altars:
Makhleb
Uskayaw


Innate Abilities, Weirdness & Mutations

You are a hulking beast.
Your limbs bulge with bestial killing power. (Slay +2)
You have a pair of small antennae on your head.
You are mostly covered in thin metallic scales. (AC +3)
Spells you cast may paralyse adjacent enemies.


Message History

The hound closely misses you.
You hit the hound.
You kill the hound!
The orc closely misses you. The orc hits you with a +0 mace.
You have reached level 6!
Your demonic ancestry asserts itself...
A pair of antennae grows on your head!
You hit the orc. You punch the orc.
You kill the orc!
The orc hits you but does no damage. The orc closely misses you.
Things that are here:
a +0 mace; a +0 leather armour; an orc corpse You barely miss the orc.
The orc closely misses you.
You hit the orc.
The orc is heavily wounded.
The orc hits you with a +0 short sword.
You hit the orc.
You kill the orc!
Things that are here:
a +0 short sword; an orc corpse An orc wizard comes into view.
It is wielding a +0 dagger.
An orc wizard is nearby!
The orc wizard shouts!
You punch the orc wizard!
The orc wizard is almost dead.
You hit the orc wizard.
You kill the orc wizard!
No target in view!
No target in view!
No target in view!
No target in view!
No target in view!
No target in view!
No target in view!
No target in view!
No target in view!
No target in view!
No target in view!
Are you sure you want to abandon this character and quit the game? (Confirm with "yes".)

#.....#...##.............
#.......###........#.##..
#.(.............#####.
#....##.#...#...# .. .
#....)#.###....... ...
..#....)[.# #....... ...
..........## ...... ...
###......## ......
#.....h# .....
##....)...........
...............
...............
...............
...............
#.......#...##.
#....####....


There were no monsters in sight!

Vanquished Creatures
  A hound (D:4)
  3 iron imps (D:3)
  An orc wizard (D:4)
  Robin (D:2)
  3 gnolls (D:3)
  2 adders (D:2)
  An ufetubus (D:4)
  4 dart slugs
  12 orcs
  5 endoplasms
  5 giant cockroaches
  12 goblins
  9 hobgoblins
  2 jackals (D:3)
  6 kobolds
  2 quokkas (D:3)
  7 ball pythons
  11 bats
  3 frilled lizards
  5 rats
95 creatures vanquished.

Notes
Turn   | Place    | Note
-------+----------+-------------------------------------------
     0 | D:1      | Arzdou the Demonspawn Shapeshifter began the quest for the
                  | Orb.
     0 | D:1      | Reached XP level 1. HP: 15/15 MP: 1/1
   116 | D:1      | Reached skill level 3 in Unarmed Combat
   116 | D:1      | Gained mutation: You are partially covered in thin metallic
                  | scales. (AC +2) [demonic ancestry]
   116 | D:1      | Reached XP level 2. HP: 21/21 MP: 2/2
   541 | D:1      | Reached XP level 3. HP: 15/26 MP: 3/3
   649 | D:1      | You fall into a shaft and drop 1 floor!
   837 | D:2      | Noticed Robin
   848 | D:2      | Killed Robin
   849 | D:2      | Gained mutation: You are mostly covered in thin metallic
                  | scales. (AC +3) [demonic ancestry]
   849 | D:2      | Reached XP level 4. HP: 13/32 MP: 4/4
   947 | D:2      | Found a hide-covered altar of Uskayaw.
  1705 | D:3      | Found a burning altar of Makhleb.
  1733 | D:3      | Reached skill level 4 in Unarmed Combat
  1741 | D:3      | Gained mutation: Spells you cast may paralyse adjacent
                  | enemies. [demonic ancestry]
  1741 | D:3      | Reached XP level 5. HP: 9/37 MP: 5/5
  2936 | D:4      | Reached skill level 5 in Unarmed Combat
  2990 | D:4      | Gained mutation: You have a pair of small antennae on your
                  | head. [demonic ancestry]
  2990 | D:4      | Reached XP level 6. HP: 24/43 MP: 6/6
  3008 | D:4      | Quit the game

Illustrated notes

Levels and vault maps discovered:
D:1:      minmay_arrival_three_doors, layout_basic
D:2:      layout_basic, basic_altar, minmay_indecisive_spiral, uniq_robin
D:3:      layout_basic, demons_altar, amcnicky_mini_rare_corridor_liquid
D:4:      layout_cave_pools

Skill      XL: |  1  2  3  4  5 |
---------------+----------------+-----
Unarmed Combat | 3 4 5 |  5.3
Shapeshifting  | 3 4 |  4.0
Fighting       | |  1.0
Dodging        | |  1.7

Action                     |  1- 3 |  4- 6 || total
---------------------------+-------+-------++-------
  Melee: Unarmed           |   138 |   139 ||   277
         Punch             |     2 |     5 ||     7
  Throw: Javelin           |     3 |     1 ||     4
    Use: Potion            |       |     1 ||     1
   Stab: Distracted        |     1 |       ||     1
         Sleeping          |       |     3 ||     3
 Armour: Animal skin       |    47 |    47 ||    94
         Skin              |       |     2 ||     2
  Dodge: Dodged            |   102 |   130 ||   232

Table legend: (Time is in decaauts)
 A = Elapsed time spent in this place.
 B = Non-inter-level travel time spent in this place.
 C = Inter-level travel time spent in this place.
 D = Time resting spent in this place.
 E = Time spent auto-exploring this place.
 F = Levels seen in this place.
 G = Mean time per level.
                   A        B        C        D        E       F      G
               +--------+--------+--------+--------+--------+-----+--------+
         Total |   2989 |   2868 |    121 |    225 |   2099 |   4 |  747.2 |
       Dungeon |   2989 |   2868 |    121 |    225 |   2099 |   4 |  747.2 |
               +--------+--------+--------+--------+--------+-----+--------+

Top non-repeatable levels by time:
     D:3: 1220 daAuts
     D:2: 1049 daAuts
     D:1: 643 daAuts
     D:4: 75 daAuts
